[ PARTIDA AOE2 · #476794874 ]
UnrankedPolacos vs Maya
[ ANÁLISIS DE REPETICIÓN · EXTRAÍDO DE LA PARTIDA GRABADA ]
Feudal
8:45
Castillos
20:33
Imperial
—
| APM promedio | 43.0 |
| APM pico | 80 |
| eAPM promedio | 22.2 |
| Aldeanos / militares | 82 / 102 |
Foco
⚔️ 25.2% · 🌾 74.8%
Knight ×89 · Scout Cavalry ×11 · Spearman ×2
Feudal
8:51
Castillos
22:23
Imperial
—
| APM promedio | 62.3 |
| APM pico | 136 |
| eAPM promedio | 21.7 |
| Aldeanos / militares | 91 / 92 |
Foco
⚔️ 28.3% · 🌾 71.7%
Archer ×91 · Spearman ×1
Feudal
9:04
Castillos
25:04
Imperial
—
| APM promedio | 61.9 |
| APM pico | 115 |
| eAPM promedio | 26.8 |
| Aldeanos / militares | 120 / 89 |
Foco
⚔️ 29.8% · 🌾 70.2%
Knight ×72 · Scout Cavalry ×16 · Spearman ×1
Feudal
10:22
Castillos
26:39
Imperial
—
| APM promedio | 57.7 |
| APM pico | 96 |
| eAPM promedio | 23.0 |
| Aldeanos / militares | 77 / 51 |
Foco
⚔️ 32.8% · 🌾 67.2%
Archer ×49 · Mangonel ×1 · Skirmisher ×1 · Unknown (1962) ×1
Mapa de la partida
Recursos iniciales + cada clic de construcción. Líneas = muros · curvas = relieve. ◆ oro · ⬟ piedra · ● bayas · ✦ reliquia · ◌ hueco del cierre
Tu base· Abierta — el rival se encerró
Base de Huowa· ✓ Cerrada en 22:23 · 59t muro · 1 puerta(s)
Base de 水猴子· ✓ Cerrada en 25:04 · 69t muro · 1 puerta(s)
Base de Fantome69· Abierta — el rival se encerró
Terreno inicial suavizado · ◌ = hueco del cierre detectado · pasá el cursor para detalles
Inputs por minuto
— pistolesi.giulio - - Huowa
Build order — pistolesi.giulio
Primeras 150 de 293 acciones detectadas
| 0:01 | Crear | Villager (Male) |
| 0:01 | Crear | Villager (Male) |
| 0:01 | Crear | Villager (Male) |
| 0:02 | Crear | Villager (Male) |
| 0:03 | Construir | House |
| 0:05 | Construir | House |
| 1:30 | Crear | Villager (Male) |
| 1:45 | Construir | Mill |
| 1:52 | Construir | Mill |
| 2:07 | Crear | Villager (Male) |
| 2:08 | Crear | Villager (Male) |
| 2:19 | Crear | Villager (Male) |
| 2:45 | Construir | House |
| 3:15 | Crear | Villager (Male) |
| 3:25 | Crear | Villager (Male) |
| 3:56 | Crear | Villager (Male) |
| 4:00 | Crear | Villager (Male) |
| 4:00 | Crear | Villager (Male) |
| 4:44 | Crear | Villager (Male) |
| 5:15 | Crear | Villager (Male) |
| 5:35 | Crear | Villager (Male) |
| 5:44 | Construir | Lumber Camp |
| 5:56 | Investigar | Loom |
| 5:56 | Investigar | Loom |
| 6:35 | Investigar | Feudal Age |
| 6:35 | Investigar | Feudal Age |
| 7:43 | Construir | Lumber Camp |
| 8:26 | Crear | Villager (Male) |
| 8:40 | Construir | Barracks |
| 8:45 | Edad | Edad Feudal |
| 8:48 | Investigar | Double-Bit Axe |
| 8:48 | Investigar | Double-Bit Axe |
| 8:56 | Crear | Villager (Male) |
| 9:12 | Crear | Villager (Male) |
| 9:25 | Construir | House |
| 9:52 | Construir | Stable |
| 9:55 | Crear | Villager (Male) |
| 10:06 | Crear | Spearman |
| 10:25 | Construir | Palisade Wall |
| 10:29 | Crear | Villager (Male) |
| 10:33 | Construir | Mill |
| 10:38 | Crear | Scout Cavalry |
| 10:44 | Construir | House |
| 10:48 | Construir | Palisade Wall |
| 10:53 | Crear | Villager (Male) |
| 11:02 | Crear | Scout Cavalry |
| 11:05 | Construir | House |
| 11:06 | Construir | Palisade Wall |
| 11:12 | Construir | Palisade Wall |
| 11:21 | Crear | Villager (Male) |
| 11:23 | Construir | Farm |
| 11:29 | Construir | Farm |
| 11:35 | Construir | Farm |
| 11:45 | Crear | Scout Cavalry |
| 11:58 | Construir | Farm |
| 12:02 | Construir | Farm |
| 12:03 | Crear | Villager (Male) |
| 12:09 | Construir | Farm |
| 12:20 | Crear | Villager (Male) |
| 12:25 | Construir | Farm |
| 12:31 | Construir | Farm |
| 12:37 | Construir | Palisade Wall |
| 12:46 | Crear | Villager (Male) |
| 12:49 | Construir | Farm |
| 12:55 | Crear | Villager (Male) |
| 13:01 | Investigar | Horse Collar |
| 13:01 | Investigar | Horse Collar |
| 13:24 | Crear | Villager (Male) |
| 13:29 | Construir | Farm |
| 13:41 | Crear | Villager (Male) |
| 13:44 | Construir | Farm |
| 13:57 | Crear | Villager (Male) |
| 14:02 | Construir | Farm |
| 14:11 | Construir | House |
| 14:28 | Construir | Mining Camp |
| 14:40 | Construir | House |
| 14:44 | Crear | Villager (Male) |
| 14:49 | Construir | Palisade Wall |
| 14:53 | Construir | Palisade Wall |
| 15:00 | Construir | Farm |
| 15:01 | Crear | Villager (Male) |
| 15:15 | Construir | Farm |
| 15:20 | Crear | Villager (Male) |
| 15:28 | Crear | Villager (Male) |
| 15:46 | Construir | Farm |
| 15:50 | Crear | Villager (Male) |
| 15:56 | Construir | House |
| 16:08 | Construir | Palisade Wall |
| 16:34 | Construir | Palisade Wall |
| 16:40 | Crear | Villager (Male) |
| 16:45 | Construir | House |
| 16:51 | Construir | House |
| 16:52 | Crear | Villager (Male) |
| 17:12 | Construir | Blacksmith |
| 17:18 | Crear | Scout Cavalry |
| 17:18 | Crear | Scout Cavalry |
| 17:35 | Construir | House |
| 17:42 | Construir | Palisade Wall |
| 17:47 | Investigar | Castle Age |
| 17:47 | Investigar | Castle Age |
| 17:48 | Investigar | Castle Age |
| 17:55 | Investigar | Scale Barding Armor |
| 17:59 | Construir | Palisade Wall |
| 18:30 | Construir | Palisade Wall |
| 18:36 | Construir | Farm |
| 18:55 | Investigar | Gold Mining |
| 18:55 | Investigar | Gold Mining |
| 19:17 | Investigar | Bloodlines |
| 19:17 | Investigar | Bloodlines |
| 19:32 | Construir | Lumber Camp |
| 19:38 | Crear | Scout Cavalry |
| 19:38 | Crear | Scout Cavalry |
| 19:40 | Investigar | Forging |
| 19:41 | Investigar | Forging |
| 19:49 | Construir | House |
| 19:58 | Construir | Palisade Wall |
| 19:59 | Construir | Palisade Wall |
| 20:10 | Construir | Farm |
| 20:33 | Edad | Edad de los Castillos |
| 20:34 | Crear | Knight |
| 20:36 | Investigar | Chain Barding Armor |
| 20:38 | Crear | Villager (Male) |
| 20:45 | Construir | Stable |
| 21:01 | Crear | Villager (Male) |
| 21:01 | Crear | Villager (Male) |
| 21:02 | Crear | Villager (Male) |
| 21:02 | Crear | Villager (Male) |
| 21:02 | Crear | Villager (Male) |
| 21:09 | Crear | Knight |
| 21:16 | Crear | Knight |
| 21:16 | Crear | Knight |
| 21:17 | Crear | Villager (Male) |
| 21:21 | Construir | House |
| 21:22 | Construir | House |
| 21:31 | Crear | Spearman |
| 21:34 | Crear | Knight |
| 21:35 | Investigar | Husbandry |
| 22:08 | Crear | Knight |
| 22:08 | Crear | Knight |
| 22:10 | Crear | Villager (Male) |
| 22:26 | Construir | Mill |
| 22:28 | Construir | Farm |
| 22:30 | Construir | Farm |
| 22:35 | Crear | Knight |
| 22:35 | Crear | Knight |
| 22:55 | Construir | Mining Camp |
| 22:56 | Crear | Villager (Male) |
| 23:01 | Crear | Knight |
| 23:01 | Crear | Knight |
| 23:15 | Construir | Farm |
Build order — Huowa
Primeras 150 de 246 acciones detectadas
| 0:00 | Investigar | Loom |
| 0:00 | Investigar | Loom |
| 0:02 | Construir | House |
| 0:02 | Construir | House |
| 0:03 | Crear | Villager (Male) ×3 |
| 1:26 | Crear | Villager (Male) |
| 1:57 | Crear | Villager (Male) |
| 2:13 | Crear | Villager (Male) |
| 2:13 | Crear | Villager (Male) |
| 2:48 | Crear | Villager (Male) ×2 |
| 3:02 | Construir | Mill |
| 3:06 | Construir | House |
| 3:41 | Crear | Villager (Male) |
| 3:43 | Crear | Villager (Male) ×2 |
| 4:16 | Crear | Villager (Male) ×2 |
| 4:16 | Crear | Villager (Male) ×2 |
| 4:58 | Crear | Villager (Male) |
| 5:59 | Construir | Lumber Camp |
| 6:16 | Crear | Villager (Male) |
| 6:36 | Investigar | Feudal Age |
| 7:05 | Crear | Villager (Male) |
| 8:02 | Crear | Villager (Male) |
| 8:15 | Construir | Barracks |
| 8:17 | Construir | Palisade Wall |
| 8:51 | Edad | Edad Feudal |
| 8:52 | Investigar | Double-Bit Axe |
| 9:12 | Construir | Archery Range |
| 9:22 | Construir | House |
| 9:52 | Construir | Mining Camp |
| 9:54 | Crear | Villager (Male) |
| 10:03 | Crear | Spearman |
| 10:13 | Crear | Villager (Male) |
| 10:16 | Construir | Palisade Wall |
| 10:21 | Construir | House |
| 10:23 | Construir | Palisade Wall |
| 10:24 | Construir | Palisade Wall |
| 10:25 | Construir | Palisade Wall |
| 10:27 | Crear | Archer |
| 10:41 | Crear | Villager (Male) |
| 10:52 | Crear | Villager (Male) |
| 11:19 | Crear | Villager (Male) |
| 11:26 | Crear | Archer |
| 11:29 | Construir | Archery Range |
| 11:35 | Crear | Archer |
| 11:54 | Crear | Archer |
| 11:55 | Crear | Villager (Male) |
| 11:58 | Construir | House |
| 12:21 | Crear | Villager (Male) |
| 12:35 | Crear | Villager (Male) |
| 12:36 | Crear | Archer |
| 12:37 | Crear | Archer |
| 12:40 | Construir | House |
| 12:42 | Construir | Palisade Wall |
| 12:43 | Construir | Palisade Wall |
| 12:47 | Construir | Palisade Wall |
| 12:51 | Construir | House |
| 12:55 | Construir | Palisade Wall |
| 12:58 | Construir | Palisade Wall |
| 12:59 | Crear | Villager (Male) |
| 13:04 | Crear | Archer ×3 |
| 13:24 | Construir | Mill |
| 13:46 | Crear | Villager (Male) |
| 13:47 | Crear | Villager (Male) |
| 13:55 | Construir | Farm |
| 13:55 | Construir | Farm |
| 14:16 | Construir | Farm |
| 14:22 | Construir | Blacksmith |
| 14:24 | Crear | Villager (Male) |
| 14:30 | Crear | Archer |
| 14:30 | Crear | Archer |
| 14:38 | Crear | Villager (Male) |
| 14:41 | Construir | Farm |
| 14:49 | Construir | House |
| 15:04 | Crear | Villager (Male) |
| 15:05 | Crear | Archer |
| 15:05 | Crear | Archer |
| 15:10 | Construir | Farm |
| 15:28 | Investigar | Fletching |
| 15:30 | Construir | Farm |
| 15:45 | Construir | House |
| 15:46 | Crear | Villager (Male) |
| 15:47 | Crear | Archer |
| 15:47 | Crear | Archer |
| 15:58 | Construir | Farm |
| 16:01 | Crear | Archer |
| 16:04 | Construir | House |
| 16:05 | Construir | House |
| 16:15 | Construir | Palisade Gate |
| 16:17 | Crear | Villager (Male) |
| 16:18 | Crear | Archer |
| 16:25 | Construir | House |
| 16:27 | Construir | House |
| 16:41 | Crear | Villager (Male) |
| 16:43 | Crear | Archer |
| 16:44 | Crear | Archer |
| 16:48 | Construir | Farm |
| 17:08 | Crear | Villager (Male) |
| 17:09 | Construir | Farm |
| 17:26 | Investigar | Padded Archer Armor |
| 17:26 | Crear | Archer |
| 17:30 | Crear | Villager (Male) |
| 17:34 | Crear | Archer |
| 17:44 | Construir | Farm |
| 17:53 | Crear | Archer |
| 17:53 | Crear | Archer |
| 17:56 | Crear | Villager (Male) |
| 17:59 | Construir | Farm |
| 18:53 | Crear | Villager (Male) |
| 18:53 | Crear | Villager (Male) |
| 18:56 | Crear | Archer |
| 19:22 | Construir | Farm |
| 19:22 | Construir | Farm |
| 19:42 | Investigar | Castle Age |
| 19:43 | Crear | Archer |
| 19:43 | Crear | Archer |
| 20:20 | Crear | Archer |
| 20:20 | Crear | Archer |
| 21:08 | Crear | Archer |
| 21:08 | Crear | Archer |
| 21:19 | Construir | Lumber Camp |
| 21:21 | Investigar | Gold Mining |
| 21:22 | Investigar | Horse Collar |
| 21:39 | Crear | Archer |
| 22:23 | Edad | Edad de los Castillos |
| 22:25 | Investigar | Crossbowman (upgrade) |
| 22:26 | Investigar | Bodkin Arrow |
| 22:26 | Investigar | Bodkin Arrow |
| 22:26 | Crear | Villager (Male) |
| 22:27 | Crear | Villager (Male) |
| 22:27 | Crear | Villager (Male) |
| 22:30 | Crear | Archer ×5 |
| 22:32 | Construir | Archery Range |
| 22:34 | Construir | University |
| 22:57 | Investigar | Leather Archer Armor |
| 23:19 | Crear | Archer |
| 23:19 | Crear | Archer |
| 23:28 | Construir | House |
| 23:29 | Construir | House |
| 23:32 | Construir | House |
| 23:34 | Crear | Villager (Male) |
| 23:46 | Investigar | Ballistics |
| 23:46 | Investigar | Ballistics |
| 23:48 | Investigar | Bow Saw |
| 24:17 | Crear | Archer ×3 |
| 24:17 | Crear | Villager (Male) ×4 |
| 24:28 | Crear | Archer |
| 24:29 | Crear | Archer |
| 24:29 | Crear | Villager (Male) |
| 24:30 | Crear | Villager (Male) |
| 24:35 | Construir | House |
Build order — 水猴子
Primeras 150 de 336 acciones detectadas
| 0:05 | Crear | Villager (Male) |
| 0:05 | Crear | Villager (Male) |
| 0:05 | Crear | Villager (Male) |
| 0:06 | Crear | Villager (Male) |
| 0:08 | Construir | House |
| 0:09 | Construir | House |
| 1:18 | Crear | Villager (Male) |
| 1:18 | Crear | Villager (Male) |
| 1:54 | Crear | Villager (Male) |
| 1:54 | Crear | Villager (Male) |
| 2:22 | Crear | Villager (Male) |
| 2:23 | Crear | Villager (Male) |
| 3:06 | Crear | Villager (Male) |
| 3:07 | Crear | Villager (Male) |
| 3:07 | Crear | Villager (Male) |
| 3:10 | Construir | Lumber Camp |
| 3:27 | Crear | Villager (Male) |
| 3:27 | Crear | Villager (Male) |
| 3:28 | Crear | Villager (Male) |
| 4:05 | Crear | Villager (Male) |
| 4:05 | Crear | Villager (Male) |
| 4:28 | Crear | Villager (Male) |
| 4:28 | Crear | Villager (Male) |
| 4:35 | Crear | Villager (Male) |
| 4:36 | Crear | Villager (Male) |
| 4:49 | Crear | Villager (Male) |
| 4:49 | Crear | Villager (Male) |
| 4:56 | Investigar | Loom |
| 5:05 | Construir | House |
| 5:19 | Construir | Mill |
| 5:38 | Crear | Villager (Male) |
| 5:49 | Crear | Villager (Male) |
| 5:58 | Crear | Villager (Male) |
| 5:58 | Crear | Villager (Male) |
| 6:54 | Investigar | Feudal Age |
| 6:54 | Investigar | Feudal Age |
| 7:24 | Construir | Mill |
| 8:13 | Construir | Barracks |
| 8:26 | Construir | House |
| 8:35 | Crear | Villager (Male) |
| 8:54 | Crear | Villager (Male) |
| 9:04 | Edad | Edad Feudal |
| 9:07 | Construir | Stable |
| 9:09 | Crear | Spearman |
| 9:13 | Investigar | Double-Bit Axe |
| 9:41 | Construir | Palisade Wall |
| 9:46 | Construir | Palisade Gate |
| 9:53 | Crear | Villager (Male) |
| 9:58 | Crear | Scout Cavalry |
| 10:10 | Construir | House |
| 10:13 | Construir | Palisade Wall |
| 10:15 | Construir | Palisade Wall |
| 10:18 | Crear | Villager (Male) |
| 10:23 | Crear | Scout Cavalry |
| 10:36 | Crear | Villager (Male) |
| 11:00 | Crear | Scout Cavalry |
| 11:04 | Construir | House |
| 11:08 | Construir | Palisade Wall |
| 11:10 | Construir | Palisade Wall |
| 11:13 | Crear | Villager (Male) |
| 11:33 | Crear | Scout Cavalry |
| 11:37 | Construir | Farm |
| 11:39 | Construir | Farm |
| 11:41 | Construir | Farm |
| 11:44 | Construir | Farm |
| 11:45 | Crear | Villager (Male) |
| 12:03 | Crear | Villager (Male) |
| 12:15 | Construir | House |
| 12:17 | Construir | Palisade Wall |
| 12:19 | Crear | Villager (Male) |
| 12:29 | Crear | Scout Cavalry |
| 12:36 | Construir | Farm |
| 12:36 | Construir | Farm |
| 12:36 | Construir | Farm |
| 12:36 | Construir | Farm |
| 12:37 | Construir | Farm |
| 12:54 | Crear | Villager (Male) |
| 13:15 | Crear | Villager (Male) |
| 13:23 | Construir | Farm |
| 13:24 | Construir | Farm |
| 13:33 | Crear | Villager (Male) |
| 13:40 | Crear | Villager (Male) |
| 13:53 | Construir | Farm |
| 13:54 | Construir | Farm |
| 13:56 | Crear | Scout Cavalry |
| 14:07 | Construir | House |
| 14:10 | Construir | Farm |
| 14:11 | Crear | Villager (Male) |
| 14:17 | Crear | Scout Cavalry |
| 14:34 | Construir | House |
| 14:40 | Crear | Scout Cavalry |
| 14:48 | Crear | Villager (Male) |
| 14:51 | Construir | Farm |
| 14:55 | Construir | Farm |
| 14:59 | Crear | Villager (Male) |
| 15:20 | Construir | Blacksmith |
| 15:26 | Crear | Villager (Male) |
| 15:32 | Crear | Scout Cavalry |
| 15:37 | Construir | Farm |
| 15:40 | Construir | Farm |
| 15:50 | Crear | Scout Cavalry |
| 15:52 | Crear | Villager (Male) |
| 16:16 | Construir | Farm |
| 16:23 | Construir | Farm |
| 16:28 | Construir | House |
| 16:31 | Crear | Villager (Male) |
| 16:41 | Investigar | Scale Barding Armor |
| 16:52 | Crear | Scout Cavalry |
| 16:57 | Crear | Villager (Male) |
| 16:57 | Crear | Villager (Male) |
| 17:03 | Construir | Stable |
| 17:09 | Crear | Villager (Male) |
| 17:12 | Construir | Farm |
| 17:21 | Investigar | Horse Collar |
| 17:34 | Crear | Villager (Male) |
| 17:45 | Construir | Farm |
| 17:47 | Construir | Farm |
| 17:53 | Crear | Scout Cavalry |
| 17:57 | Construir | Farm |
| 17:59 | Construir | Farm |
| 18:03 | Construir | Farm |
| 18:04 | Crear | Villager (Male) |
| 18:19 | Crear | Scout Cavalry |
| 18:19 | Crear | Scout Cavalry |
| 18:31 | Crear | Villager (Male) |
| 18:51 | Crear | Villager (Male) |
| 18:53 | Investigar | Wheelbarrow |
| 19:08 | Crear | Villager (Male) |
| 19:13 | Construir | House |
| 19:37 | Crear | Scout Cavalry |
| 19:37 | Crear | Scout Cavalry |
| 19:41 | Construir | House |
| 19:49 | Crear | Villager (Male) |
| 19:54 | Construir | Market |
| 20:00 | Construir | Farm |
| 20:00 | Construir | Farm |
| 20:01 | Construir | Farm |
| 20:01 | Construir | Farm |
| 20:15 | Investigar | Forging |
| 20:19 | Construir | Mining Camp |
| 20:26 | Construir | House |
| 20:28 | Construir | House |
| 20:53 | Construir | Town Center |
| 20:55 | Crear | Villager (Male) |
| 21:43 | Crear | Villager (Male) |
| 22:16 | Investigar | Castle Age |
| 22:40 | Construir | Farm |
| 22:40 | Construir | Farm |
| 22:51 | Investigar | Gold Mining |
| 23:08 | Crear | Villager (Male) |
Build order — Fantome69
Primeras 150 de 185 acciones detectadas
| 0:03 | Crear | Villager (Male) |
| 0:04 | Crear | Villager (Male) |
| 0:05 | Construir | House |
| 0:08 | Construir | House |
| 0:32 | Crear | Villager (Male) |
| 0:33 | Crear | Villager (Male) |
| 0:33 | Crear | Villager (Male) |
| 1:36 | Crear | Villager (Male) |
| 1:36 | Crear | Villager (Male) |
| 1:37 | Crear | Villager (Male) |
| 1:49 | Construir | Mill |
| 1:53 | Crear | Villager (Male) |
| 1:53 | Crear | Villager (Male) |
| 2:24 | Crear | Villager (Male) |
| 2:24 | Crear | Villager (Male) |
| 2:24 | Crear | Villager (Male) |
| 3:06 | Crear | Villager (Male) |
| 3:07 | Crear | Villager (Male) |
| 3:26 | Crear | Villager (Male) |
| 3:26 | Crear | Villager (Male) |
| 3:48 | Crear | Villager (Male) |
| 3:48 | Crear | Villager (Male) |
| 3:48 | Crear | Villager (Male) |
| 3:51 | Crear | Villager (Male) |
| 3:52 | Crear | Villager (Male) |
| 3:52 | Crear | Villager (Male) |
| 4:13 | Construir | House |
| 4:39 | Crear | Villager (Male) |
| 4:40 | Crear | Villager (Male) |
| 4:41 | Crear | Villager (Male) |
| 4:41 | Crear | Villager (Male) |
| 4:42 | Crear | Villager (Male) |
| 6:02 | Crear | Villager (Male) |
| 6:02 | Crear | Villager (Male) |
| 6:38 | Crear | Villager (Male) |
| 7:03 | Crear | Villager (Male) |
| 7:06 | Construir | Lumber Camp |
| 7:26 | Investigar | Loom |
| 7:56 | Investigar | Feudal Age |
| 8:40 | Construir | Mining Camp |
| 9:01 | Crear | Villager (Male) |
| 9:14 | Construir | Barracks |
| 9:27 | Construir | House |
| 10:22 | Edad | Edad Feudal |
| 10:32 | Construir | Archery Range |
| 10:39 | Crear | Villager (Male) |
| 10:56 | Investigar | Double-Bit Axe |
| 10:56 | Investigar | Double-Bit Axe |
| 10:58 | Crear | Villager (Male) |
| 11:26 | Crear | Archer |
| 11:26 | Crear | Archer |
| 11:52 | Construir | House |
| 11:53 | Construir | Palisade Wall |
| 11:55 | Crear | Villager (Male) |
| 12:07 | Crear | Archer |
| 12:22 | Crear | Skirmisher |
| 12:37 | Construir | Blacksmith |
| 12:41 | Crear | Villager (Male) |
| 12:43 | Crear | Villager (Male) |
| 12:50 | Crear | Archer |
| 12:59 | Construir | Mill |
| 13:13 | Crear | Villager (Male) |
| 13:27 | Investigar | Fletching |
| 13:27 | Investigar | Fletching |
| 13:29 | Crear | Archer |
| 13:37 | Construir | Archery Range |
| 13:50 | Construir | House |
| 13:54 | Crear | Archer |
| 14:06 | Crear | Villager (Male) |
| 14:06 | Crear | Villager (Male) |
| 14:20 | Crear | Archer |
| 14:30 | Crear | Archer |
| 14:32 | Crear | Archer |
| 14:41 | Crear | Villager (Male) |
| 14:41 | Crear | Villager (Male) |
| 14:46 | Construir | Farm |
| 15:02 | Construir | Farm |
| 15:05 | Construir | Farm |
| 15:08 | Construir | House |
| 15:31 | Crear | Villager (Male) |
| 15:36 | Construir | Farm |
| 15:38 | Crear | Archer |
| 15:54 | Crear | Villager (Male) |
| 15:56 | Construir | Farm |
| 15:58 | Construir | House |
| 16:05 | Crear | Archer |
| 16:21 | Crear | Villager (Male) |
| 16:23 | Construir | Farm |
| 16:29 | Investigar | Padded Archer Armor |
| 16:29 | Investigar | Padded Archer Armor |
| 16:49 | Crear | Archer |
| 16:50 | Crear | Archer |
| 16:52 | Crear | Archer |
| 16:52 | Crear | Archer |
| 16:53 | Crear | Villager (Male) |
| 16:53 | Crear | Villager (Male) |
| 17:03 | Construir | Farm |
| 17:17 | Crear | Archer |
| 17:23 | Crear | Archer |
| 17:28 | Construir | House |
| 17:52 | Crear | Villager (Male) |
| 17:56 | Crear | Archer |
| 17:58 | Crear | Archer |
| 18:29 | Crear | Archer |
| 18:56 | Construir | Watch Tower |
| 19:01 | Crear | Archer |
| 19:04 | Crear | Archer |
| 19:09 | Construir | Farm |
| 19:33 | Construir | Lumber Camp |
| 19:45 | Crear | Villager (Male) |
| 19:45 | Crear | Villager (Male) |
| 19:48 | Construir | Farm |
| 19:55 | Construir | Farm |
| 20:23 | Crear | Archer |
| 20:25 | Crear | Archer |
| 21:12 | Crear | Archer |
| 21:15 | Crear | Villager (Male) |
| 22:23 | Crear | Villager (Male) |
| 23:59 | Investigar | Castle Age |
| 23:59 | Investigar | Castle Age |
| 23:59 | Investigar | Castle Age |
| 24:19 | Investigar | Gold Mining |
| 24:19 | Investigar | Gold Mining |
| 24:40 | Crear | Archer |
| 25:36 | Crear | Archer |
| 25:40 | Investigar | Horse Collar |
| 25:40 | Investigar | Horse Collar |
| 25:43 | Crear | Archer |
| 26:12 | Crear | Archer |
| 26:39 | Edad | Edad de los Castillos |
| 26:40 | Crear | Villager (Male) |
| 26:40 | Crear | Villager (Male) |
| 26:43 | Investigar | Crossbowman (upgrade) |
| 26:44 | Investigar | Bodkin Arrow |
| 27:03 | Crear | Archer |
| 27:26 | Crear | Villager (Male) |
| 27:26 | Crear | Villager (Male) |
| 27:59 | Crear | Villager (Male) |
| 28:08 | Crear | Archer |
| 28:10 | Crear | Archer |
| 28:21 | Crear | Villager (Male) |
| 28:24 | Investigar | Bow Saw |
| 28:24 | Investigar | Bow Saw |
| 28:26 | Crear | Archer |
| 28:27 | Crear | Archer |
| 29:38 | Crear | Villager (Male) |
| 29:38 | Crear | Villager (Male) |
| 29:50 | Construir | Market |
| 30:01 | Crear | Archer |
| 30:02 | Crear | Archer |
Cronología de la partida
| 8:13 | 水猴子 · first_building Barracks |
| 8:15 | Huowa · first_building Barracks |
| 8:17 | Huowa · wall_segment Palisade Wall x4 |
| 8:40 | pistolesi.giulio · first_building Barracks |
| 8:45 | pistolesi.giulio · age_up feudal |
| 8:51 | Huowa · age_up feudal |
| 9:04 | 水猴子 · age_up feudal |
| 9:07 | 水猴子 · first_building Stable |
| 9:12 | Huowa · first_building Archery Range |
| 9:14 | Fantome69 · first_building Barracks |
| 9:41 | 水猴子 · wall_segment Palisade Wall x10 |
| 9:52 | pistolesi.giulio · first_building Stable |
| 10:13 | 水猴子 · wall_segment Palisade Wall x13 |
| 10:15 | 水猴子 · wall_segment Palisade Wall x10 |
| 10:16 | Huowa · wall_segment Palisade Wall x10 |
| 10:22 | Fantome69 · age_up feudal |
| 10:23 | Huowa · wall_segment Palisade Wall x13 |
| 10:24 | Huowa · wall_segment Palisade Wall x1 |
| 10:25 | Huowa · wall_segment Palisade Wall x3 |
| 10:25 | pistolesi.giulio · wall_segment Palisade Wall x3 |
| 10:32 | Fantome69 · first_building Archery Range |
| 10:48 | pistolesi.giulio · wall_segment Palisade Wall x6 |
| 11:06 | pistolesi.giulio · wall_segment Palisade Wall x1 |
| 11:08 | 水猴子 · wall_segment Palisade Wall x17 |
| 11:10 | 水猴子 · wall_segment Palisade Wall x11 |
| 11:12 | pistolesi.giulio · wall_segment Palisade Wall x1 |
| 11:53 | Fantome69 · wall_segment Palisade Wall x1 |
| 12:17 | 水猴子 · wall_segment Palisade Wall x10 |
| 12:37 | pistolesi.giulio · wall_segment Palisade Wall x13 |
| 12:42 | Huowa · wall_segment Palisade Wall x1 |
| 12:43 | Huowa · wall_segment Palisade Wall x5 |
| 12:47 | Huowa · wall_segment Palisade Wall x7 |
| 12:55 | Huowa · wall_segment Palisade Wall x10 |
| 12:58 | Huowa · wall_segment Palisade Wall x6 |
| 14:49 | pistolesi.giulio · wall_segment Palisade Wall x4 |
| 14:53 | pistolesi.giulio · wall_segment Palisade Wall x6 |
| 16:08 | pistolesi.giulio · wall_segment Palisade Wall x1 |
| 16:34 | pistolesi.giulio · wall_segment Palisade Wall x8 |
| 17:42 | pistolesi.giulio · wall_segment Palisade Wall x7 |
| 17:59 | pistolesi.giulio · wall_segment Palisade Wall x6 |
| 18:30 | pistolesi.giulio · wall_segment Palisade Wall x5 |
| 19:58 | pistolesi.giulio · wall_segment Palisade Wall x1 |
| 19:59 | pistolesi.giulio · wall_segment Palisade Wall x1 |
| 20:33 | pistolesi.giulio · age_up castle |
| 21:39 | 水猴子 · first_market_sell 100 wood |
| 21:42 | 水猴子 · first_market_buy 100 food |
| 22:23 | Huowa · age_up castle |
| 25:04 | 水猴子 · age_up castle |
| 26:39 | Fantome69 · age_up castle |
| 30:37 | pistolesi.giulio · first_market_sell 100 wood |
| 32:02 | Fantome69 · first_market_buy 100 stone |
| 34:01 | pistolesi.giulio · first_market_buy 100 stone |
| 34:11 | pistolesi.giulio · first_building Castle |
| 34:21 | Fantome69 · first_building Siege Workshop |
| 35:01 | pistolesi.giulio · wall_segment Palisade Wall x9 |
| 35:20 | Huowa · first_building Monastery |
| 35:36 | pistolesi.giulio · resign |
[ ANÁLISIS IA · 1 CRÉDITO ]
¿Qué pasó realmente en esta partida?
Wolo.gg analiza cada decisión: build order, eco, micro, errores típicos por bracket. Análisis personalizado por WhatsApp o Discord en 30 segundos.
Guía civ
Polacos
Perfil
Jugador #877378